Map: Prion Terraces

Players

lllllllll - Winner!

  • Race: Terran Terran
  • League: Grandmaster

xKawaiian

  • Race: Terran Terran
  • League: Master

VOD

Have the link to the VOD?

Description

Time

  • Played on: Jan. 15, 2016, 3:15 a.m.
  • Length: 6:15
Show
View Real Time Build Order
Export as new Build Order

lllllllll Terran - Winner!

Build Orders: Reaper Expand 

Get SALT Encoding   

  12  0:01  SCV  
  13  0:13  SCV  
  14  0:17  Supply Depot  
  14  0:25  SCV  
  15  0:39  SCV  
  15  0:40  Barracks  
  16  0:43  Refinery  
  16  0:51  SCV  
  17  1:03  SCV  
  18  1:15  SCV  
  19  1:28  Orbital Command  
  19  1:29  Reaper  
  20  1:40  Command Center  
  20  1:49  Refinery  
  20  1:55  SCV  
  20  1:56  Supply Depot  
  20  2:00  Marine  
  22  2:07  SCV  
  23  2:12  Factory  
  23  2:18  Marine  
  23  2:19  SCV  
  25  2:32  SCV  
  25  2:36  Marine  
  27  2:44  SCV  
  28  2:52  Orbital Command  
  28  2:54  Marine  
  28  2:56  SCV  
  28  2:58  Factory Tech Lab, Starport  
  30  3:05  Supply Depot  
  30  3:08  SCV  
  30  3:12  Marine  
  32  3:18  Siege Tank  
  35  3:20  SCV x2  
  36  3:29  Marine  
  36  3:32  SCV  
  36  3:33  SCV  
  39  3:35  Medivac  
  39  3:40  Supply Depot  
  41  3:44  SCV  
  41  3:45  SCV  
  43  3:48  Marine  
  43  3:50  Siege Tank  
  47  3:56  SCV  
  47  3:57  SCV  
  47  4:07  Medivac  
  47  4:08  SCV  
  47  4:09  SCV  
  51  4:11  Marine  
  52  4:20  SCV  
  52  4:21  SCV  
  52  4:23  Supply Depot  
  54  4:26  Siege Tank  
  54  4:29  Marine  
  58  4:32  SCV  
  58  4:36  SCV  
  57  4:40  Viking  
  57  4:44  SCV  
  56  4:55  SCV  
  56  4:56  SCV  
  58  5:07  SCV  
  58  5:08  SCV  
  60  5:19  SCV  
  60  5:21  SCV  
  57  5:22  Refinery x2  
  57  5:24  Command Center  
  57  5:29  Marine  
  57  5:30  Siege Tank  
  57  5:32  SCV  
  62  5:38  SCV  
  63  5:44  SCV, Barracks  
  63  5:47  Barracks  
  64  5:50  SCV  
  64  5:53  Barracks Tech Lab, Starport Reactor  
  64  5:56  SCV  
  66  6:02  SCV  
  66  6:03  Supply Depot, Engineering Bay, Barracks  
  67  6:04  Supply Depot, Barracks  
Show
View Real Time Build Order
Export as new Build Order

xKawaiian Terran 

Build Orders: 1/1/1, Cyclone Opening 

Get SALT Encoding   

  12  0:01  SCV  
  13  0:13  SCV  
  14  0:17  Supply Depot  
  14  0:25  SCV  
  15  0:39  SCV, Barracks  
  16  0:46  Refinery  
  16  0:51  SCV  
  16  0:53  Refinery  
  17  1:03  SCV  
  18  1:15  SCV  
  19  1:28  Marine, Orbital Command  
  20  1:33  Factory  
  20  1:46  Supply Depot, Marine  
  21  1:54  SCV  
  22  2:04  Marine  
  22  2:08  SCV  
  24  2:19  Factory Tech Lab, Starport  
  24  2:20  SCV  
  24  2:22  Marine  
  26  2:32  SCV  
  26  2:33  Supply Depot  
  27  2:38  Cyclone  
  27  2:41  Marine  
  31  2:54  SCV  
  31  2:55  Medivac  
  34  2:58  Marine  
  34  3:03  Supply Depot  
  35  3:07  SCV  
  35  3:10  Siege Tank  
  39  3:19  Liberator  
  39  3:24  SCV, Marine  
  41  3:27  Supply Depot  
  41  3:37  SCV  
  45  3:42  Marine  
  46  3:49  SCV  
  44  4:05  Command Center  
  44  4:06  SCV  
  45  4:15  Barracks Reactor, Barracks  
  44  4:17  Barracks  
  44  4:20  Starport Reactor  
  44  4:21  SCV  
  44  4:33  Siege Tank  
  45  4:53  Marine  
  45  4:58  Marine  
  46  5:11  Marine  
  44  5:14  Supply Depot  
  44  5:17  SCV, Orbital Command  
  39  5:23  Factory Tech Lab, Marine x2  
  39  5:26  Starport Reactor  
  41  5:29  SCV  
  41  5:30  Marine x2  
  41  5:32  Marine  
  43  5:40  Armory  
  43  5:41  SCV  
  43  5:42  Siege Tank  
  47  5:47  SCV  
  47  5:48  Marine  
  49  5:52  Refinery  
  49  5:53  SCV, Marine  
  49  5:54  Marine  
  49  5:56  Marine  
  54  6:01  SCV  
Tags
 
Add a new tag
Caveats
  • Supply blocks, unpowered buildings, or Contaminate may cause inaccurate times.
  • Supply counts are checked every 10 seconds.